 Dungeon Crawl Stone Soup version 0.18.1-48-g4cf74bf (webtiles) character file.

5138 nikopol the Cleaver (level 10, -1/136 HPs)
             Began as a Minotaur Berserker on Sept 4, 2016.
             Was a High Priest of Trog.
             Slain by Inkary's ghost (3 damage)
             ... on level 9 of the Dungeon.
             The game lasted 00:15:11 (7819 turns).

nikopol the Cleaver (Minotaur Berserker)            Turns: 7819, Time: 00:15:12

Health: -1/136     AC:  8    Str: 27    XL:     10   Next: 33%
Magic:  9/9        EV: 15    Int:  4    God:    Trog [*****.]
Gold:   605        SH:  0    Dex: 13    Spells: 0 memorised, 9 levels left

rFire  . . .     SeeInvis +     a - +0 hand axe
rCold  . . .     Gourm    .     j - +0 ring mail
rNeg   . . .     Faith    .     (no shield)
rPois  .         Spirit   .     (helmet restricted)
rElec  .         Dismiss  .     D - +0 cloak
rCorr  .         Reflect  .     (no gloves)
SustAt .         Harm     .     (no boots)
MR     .....                    (no amulet)
Stlth  ..........               (no ring)
                                J - ring of see invisible

@: berserking, very quick, not resistant to hostile enchantments, extremely
unstealthy
A: retaliatory headbutt, horns 2
a: Berserk, Trog's Hand, Brothers in Arms, Burn Spellbooks, Renounce Religion


You were on level 9 of the Dungeon.
You worshipped Trog.
Trog was extremely pleased with you.
You were hungry.

You visited 1 branch of the dungeon, and saw 9 of its levels.
You also visited: Sewer.

You collected 605 gold pieces.

Inventory:

Hand Weapons
 a - a +0 hand axe (weapon)
 z - a +0 shortbow
Missiles
 t - 232 arrows (quivered)
Armour
 b - a +0 animal skin
 j - a +0 ring mail (worn)
 D - a +0 cloak (worn)
Jewellery
 J - a ring of see invisible (left hand)
 N - an uncursed amulet of magic regeneration {unknown}
Wands
 s - a wand of random effects (25/48)
 y - a wand of slowing (31/48)
 E - a wand of acid (5/15)
 I - a wand of flame (17/48)
Scrolls
 f - 2 scrolls of amnesia
 l - 3 scrolls of remove curse
 n - a scroll of noise {unknown}
 o - 2 scrolls of teleportation {unknown}
 p - 6 scrolls of identify {unknown}
 q - 3 scrolls of enchant armour {unknown}
 F - a scroll of vulnerability {unknown}
 H - a scroll of magic mapping
 K - a scroll of recharging {unknown}
 L - a scroll of fear {unknown}
 M - a scroll of enchant weapon {unknown}
 O - a scroll of fog {unknown}
 Q - a scroll of random uselessness {unknown}
Potions
 d - 7 potions of curing {unknown}
 e - 4 potions of degeneration {unknown}
 g - a potion of heal wounds {unknown}
 i - a potion of lignification {unknown}
 k - 2 potions of magic {unknown}
 m - 3 potions of flight {unknown}
 w - 2 potions of brilliance {unknown}
 x - a potion of mutation {unknown}
 A - 3 potions of agility {unknown}
 B - a potion of ambrosia {unknown}
 G - a potion of haste {unknown}
Books
 C - a book of Party Tricks

   Spells                             Type                      Level
   a - Summon Butterflies             Summoning                    1
   b - Apportation                    Translocation                1
   c - Tukima's Dance                 Hexes                        3
   d - Alistair's Intoxication        Transmutation/Poison         5
   e - Invisibility                   Hexes                        6
   Trog disapproves of the use of such an item.
Comestibles
 c - 3 bread rations
 h - 3 meat rations
 r - 3 fruits
 u - a slice of pizza
 v - 3 beef jerkies
 P - a chunk of flesh


   Skills:
 + Level 9.4 Fighting
 * Level 10.0 Axes
 * Level 3.3 Bows
 + Level 9.2 Armour
 + Level 8.5 Dodging


You had 9 spell levels left.
You didn't know any spells.

Dungeon Overview and Level Annotations

Branches:
Dungeon (9/15)             Temple (0/1) D:7             Orc (0/2) D:9
   Lair: D:8-11

Altars:
Cheibriados
Elyvilon
Gozag
Kikubaaqudgha
Makhleb
Nemelex Xobeh
Okawaru
Qazlal
Sif Muna
Yredelemnul
The Shining One

Annotations:
D:9 Inkary's ghost, novice MiBe; Psyche


Innate Abilities, Weirdness & Mutations

You reflexively headbutt those who attack you in melee.
You have a pair of horns on your head.


Message History

The orc priest hits you but does no damage.
You completely miss the orc priest. You headbutt the orc priest.
You kill the orc priest!
Trog accepts your kill.
You completely miss the orc warrior.
The orc warrior is heavily wounded.
The orc warrior hits you with a halberd.
* * * LOW HITPOINT WARNING * * *
You closely miss the orc warrior.
The orc warrior is heavily wounded.
You closely miss Inkary's ghost. You hit the orc warrior.
The orc warrior is severely wounded.
The orc warrior closely misses you.
You barely miss Inkary's ghost. You headbutt Inkary's ghost.
Inkary's ghost is lightly damaged.
You hit the orc warrior.
The orc warrior is severely wounded.
Inkary's ghost hits you!!
* * * LOW HITPOINT WARNING * * *
You die...

#### ..8# ....# .>..'
#### ...((# ...# #..(.
...##############o.##
..............>.@W.(#
...#####.##########.....
...# #.## ### .###
##..### .# #.)...# .#
#.)8..# .# #.....# .#
###'### .# #...#


You could see an orc warrior and Inkary's ghost.

Vanquished Creatures
  Pikel (D:5)
  A deep elf mage (D:9)
  Grinder (D:3)
  Eustachio (D:5)
  A wyvern (D:8)
  A hippogriff (D:8)
  A hungry ghost (D:9)
  An orc warrior (D:8)
  2 ice beasts
  4 phantoms
  A necrophage (D:6)
  2 sky beasts
  A slave (D:5)
  5 ogres
  2 centaurs
  A big kobold (Sewer)
  7 giant frogs
  A water moccasin zombie (D:6)
  5 scorpions
  2 howler monkeys
  6 hounds
  A quasit (D:4)
  A giant frog skeleton (D:7)
  2 orc wizards
  Crazy Yiuf (D:6)
  2 iguanas
  6 orc priests
  4 iron imps
  10 worker ants
  A hound zombie (D:7)
  A howler monkey skeleton (D:6)
  4 gnolls (D:4)
  9 adders
  A river rat (Sewer)
  3 shadow imps
  An adder zombie (D:6)
  An adder skeleton (D:7)
  3 worms (D:2)
  4 dart slugs
  7 giant geckos
  22 orcs
  4 ball pythons
  4 giant cockroaches
  10 goblins
  10 hobgoblins
  14 jackals
  9 kobolds
  A quokka (D:2)
  7 bats
  5 giant newts
  6 rats
  A spectral orc (D:6)
202 creatures vanquished.

Vanquished Creatures (others)
  A crimson imp (D:5)
1 creature vanquished.

Grand Total: 203 creatures vanquished

Notes
Turn   | Place    | Note
--------------------------------------------------------------
     0 | D:1      | nikopol the Minotaur Berserker began the quest for the Orb.
     0 | D:1      | Reached XP level 1. HP: 19/19 MP: 0/0
   196 | D:1      | Reached XP level 2. HP: 24/27 MP: 1/1
   835 | D:2      | Reached XP level 3. HP: 20/33 MP: 2/2
   837 | D:2      | Reached ** piety under Trog
   837 | D:2      | Reached skill level 4 in Axes
  1311 | D:2      | Reached XP level 4. HP: 26/40 MP: 3/3
  1949 | D:3      | Noticed Grinder
  1971 | D:3      | Paralysed by Grinder for 5 turns
  1983 | D:3      | Killed Grinder
  1983 | D:3      | Reached skill level 5 in Fighting
  1983 | D:3      | Reached skill level 5 in Axes
  1983 | D:3      | Reached XP level 5. HP: 8/48 MP: 4/4
  1983 | D:3      | Reached XP level 6. HP: 10/56 MP: 5/5
  2459 | D:3      | Found an opulent altar of Gozag.
  2626 | D:4      | Found an ancient bone altar of Kikubaaqudgha.
  2645 | D:4      | Reached *** piety under Trog
  2711 | D:4      | Found a deep blue altar of Sif Muna.
  2821 | D:4      | Reached XP level 7. HP: 59/61 MP: 6/6
  2828 | D:4      | Reached skill level 5 in Armour
  2844 | D:4      | Noticed an air elemental
  2846 | D:4      | Found a stormy altar of Qazlal.
  2847 | D:4      | Noticed a water elemental
  2847 | D:4      | Noticed a fire elemental
  3052 | D:4      | Found a glowing golden altar of the Shining One.
  3168 | D:4      | Reached skill level 6 in Axes
  3195 | D:4      | Reached skill level 5 in Dodging
  3481 | D:4      | Found an iron altar of Okawaru.
  3552 | D:5      | Entered Level 5 of the Dungeon
  3592 | D:5      | Found a glowing drain.
  3619 | Sewer    | Entered a sewer
  3693 | Sewer    | Reached **** piety under Trog
  3714 | Sewer    | Found a white marble altar of Elyvilon.
  3869 | D:5      | Noticed Eustachio
  3872 | D:5      | Reached XP level 8. HP: 40/71 MP: 7/7
  3894 | D:5      | Killed Eustachio
  3894 | D:5      | Reached skill level 7 in Axes
  4058 | D:5      | Found a snail-covered altar of Cheibriados.
  4065 | D:5      | Noticed Pikel
  4079 | D:5      | Killed Pikel
  4670 | D:6      | Noticed Crazy Yiuf
  4677 | D:6      | Killed Crazy Yiuf
  4718 | D:6      | Reached skill level 8 in Axes
  4720 | D:6      | Found a white marble altar of Elyvilon.
  4744 | D:6      | Reached XP level 9. HP: 60/81 MP: 8/8
  4867 | D:6      | Found a snail-covered altar of Cheibriados.
  5364 | D:6      | Found a basalt altar of Yredelemnul.
  5716 | D:7      | Reached ***** piety under Trog
  5894 | D:7      | Found a staircase to the Ecumenical Temple.
  5945 | D:7      | Found a burning altar of Makhleb.
  5956 | D:7      | Reached skill level 9 in Axes
  6519 | D:8      | Reached skill level 1 in Bows
  6894 | D:8      | Reached XP level 10. HP: 91/91 MP: 9/9
  7009 | D:8      | Found a sparkling altar of Nemelex Xobeh.
  7303 | D:9      | Noticed Psyche
  7469 | D:9      | Found an opulent altar of Gozag.
  7469 | D:9      | Noticed a deep elf mage
  7479 | D:9      | Killed a deep elf mage
  7551 | D:9      | Reached skill level 10 in Axes
  7793 | D:9      | Found a staircase to the Orcish Mines.
  7802 | D:9      | Noticed Inkary's ghost (novice MiBe)
  7819 | D:9      | HP: 2/136 [Inkary's ghost (18)]
  7819 | D:9      | Slain by Inkary's ghost

Skill      XL: |  1  2  3  4  5  6  7  8  9 10 |
---------------+-------------------------------+-----
Armour         | 3 4 6 7 8 9 |  9.2
Fighting       | 4 5 6 7 9 |  9.4
Axes           | 4 5 6 8 9 10 | 10.0
Dodging        | 3 4 5 6 8 |  8.5
Bows           | 1 3 |  3.3

Action                   |  1- 3 |  4- 6 |  7- 9 | 10-12 || total
-------------------------+-------+-------+-------+-------++-------
Melee: Hand axe          |    68 |    94 |   343 |    52 ||   557
       Headbutt          |    12 |    12 |    78 |    13 ||   115
       Unarmed           |       |       |       |     1 ||     1
 Fire: Shortbow          |       |       |    65 |    55 ||   120
Invok: Berserk           |       |     1 |     2 |     1 ||     4
       Trog's Hand       |       |     1 |       |       ||     1
       Burn Spellbooks   |       |       |     1 |       ||     1
  Use: Scroll            |       |       |     4 |       ||     4
  Eat: Chunk             |     1 |     6 |    16 |     4 ||    27
Armor: Animal skin       |     6 |     6 |       |       ||    12
       Ring mail         |       |    39 |   102 |    20 ||   161
Dodge: Dodged            |    59 |    89 |   262 |    57 ||   467
